 Dungeon Crawl Stone Soup version 0.28.0-1-gb440e238dd (webtiles) character file.

Game seed: 8183016619165698589

9 spaghetti the Sneak (level 2, -7/24 HPs)
             Began as a Mummy Delver on Feb 19, 2022.
             Mangled by a manticore (23 damage)
             ... on level 7 of the Dungeon.
             The game lasted 00:00:38 (284 turns).

spaghetti the Sneak (Mummy Delver)                   Turns: 284, Time: 00:00:38

Health: -7/24      AC:  3    Str: 15    XL:     2   Next: 3%
Magic:  2/2        EV: 11    Int:  9    God:
Gold:   7          SH:  0    Dex: 13    Spells: 1/1 levels left

rFire   x . .      SeeInvis .   a - +0 mace
rCold   + . .      Faith    .   (no shield)
rNeg    + + +      Spirit   .   b - +0 leather armour
rPois   ∞          Reflect  .   (no helmet)
rElec   .          Harm     .   (no cloak)
rCorr   .          Rampage  .   (no gloves)
Will    .....                   (no boots)
Stlth   ++........              (no amulet)
HPRegen 0.08/turn               (no ring)
MPRegen 0.08/turn               (no ring)

@: spiked
A: cold resistance 1, negative energy resistance 3, torment resistance 2, heat
vulnerability 1, no potions
a: no special abilities


You were on level 7 of the Dungeon.
You visited 1 branch of the dungeon, and saw 3 of its levels.

You collected 7 gold pieces.

Inventory:

Hand Weapons
 a - a +0 mace (weapon)
Armour
 b - a +0 leather armour (worn)
Wands
 f - a wand of digging (3)
Scrolls
 c - a scroll of fog
 d - a scroll of magic mapping
 e - a scroll of fear


   Skills:
 - Level 3.0 Fighting
 + Level 2.2 Maces & Flails
 - Level 1.5 Dodging
 - Level 4.1 Stealth


You had one spell level left.
You didn't know any spells.
Your spell library contained the following spells:

 Spells                   Type           Power      Damage    Failure   Level
 Inner Flame              Hex/Fire       0%         N/A       83%         3
 Cause Fear               Hex            0%         N/A       99%         4
 Discord                  Hex            0%         N/A       100%        8


Dungeon Overview and Level Annotations

Branches:
Dungeon (7/15)
 Temple: D:4-7

Altars:


Innate Abilities, Weirdness & Mutations

You are immune to poison.
Your flesh is cold resistant. (rC+)
You are immune to negative energy. (rN+++)
You are immune to unholy pain and torment.
You are vulnerable to heat. (rF-)
You do not drink.


Message History

The manticore bites your orc!
Your orc dies!
Your orc's corpse dissolves into shadows!
The manticore flicks its tail.
The volley of spikes hits you!
The barbed spikes become lodged in your body.
Your orc wizard hits the manticore with a +0 dagger.
Unknown command.
Your orc wizard hits the manticore but does no damage.
The manticore bites your water moccasin.
The manticore claws your water moccasin.
The manticore misses your water moccasin.
Your water moccasin bites the manticore!
The manticore is poisoned.
Your water moccasin poisons the manticore!
An orc comes into view. It is wielding a +0 hand axe.
Your water moccasin bites the manticore.
The manticore flicks its tail.
The volley of spikes hits your water moccasin.
Your orc wizard points at the manticore and mumbles some strange words.
The magic dart hits the manticore.
An orc comes into view. It is wielding a +0 dagger.
Your water moccasin bites the manticore.
The manticore looks as sick as possible!
Your water moccasin poisons the manticore!
Your orc wizard closely misses the manticore.
The manticore bites your water moccasin!!
Your water moccasin dies!
Your water moccasin's corpse dissolves into shadows!
Your orc wizard hits the manticore with a +0 dagger.
You hit the manticore.
The manticore is heavily wounded.
An orc comes into view. It is wielding a +0 short sword.
Your necrophage hits the orc.
Your necrophage drains the orc.
The orc dies!
Your jelly closely misses the manticore.
Your orc wizard casts a spell at the manticore.
The puff of flame hits the manticore.
The manticore bites you!!
Ouch! That really hurt!
You die...

#.#.# # #...# # #.#.# #
######+## #.#.###### #
........# #.#......# #
........# #.######.# #
........# #......#.# #
......o.# ###......# #
.....JH@#####......# #
...$...)n...'....>.#####
.#.#.##.#####.........!.
# #o# #......##### #o#
#......# #o# #......#
#o# #......# #.#
#......# #. #......#


You could see a manticore (extremely poisoned, ally target), 4 orcs, a friendly
necrophage (summoned), a friendly jelly (summoned) and a friendly orc wizard
(summoned, invisible).

Vanquished Creatures
  An adder (D:6)
1 creature vanquished.

Vanquished Creatures (collateral kills)
  An orc (D:7)
1 creature vanquished.

Grand Total: 2 creatures vanquished

Notes
Turn   | Place    | Note
-------+----------+-------------------------------------------
     0 | D:5      | spaghetti the Mummy Delver began the quest for the Orb.
     0 | D:5      | Reached XP level 1. HP: 18/18 MP: 1/1
    25 | D:6      | Reached XP level 2. HP: 24/24 MP: 2/2
   274 | D:7      | Noticed a manticore
   284 | D:7      | Mangled by a manticore

Illustrated notes

Levels and vault maps discovered:
D:5:      lemuel_ice_spiral_2, layout_basic, tgw_sif, lemuel_tele_altar
D:6:      layout_loops_ring, minmay_temple_entry_from_below_a, uniq_duvessa
D:7:      layout_basic, lemuel_round_altar, serial_shops, nicolae_square_shop

Skill      XL: |  1 |
---------------+----+-----
Maces & Flails | 2 |  2.2
Fighting       | |  3.0
Dodging        | |  1.5
Stealth        | |  4.1

Action                   || total
-------------------------++-------
Melee: Mace              ||     5
  Use: Scroll            ||     1
Armor: Leather armour    ||     1
Dodge: Dodged            ||     1
